 Dungeon Crawl Stone Soup version 0.19.1 (webtiles) character file.

165 Nakatomy the Shooter (level 5, -4/45 HPs)
             Began as a Centaur Hunter on Dec 22, 2016.
             Was a Follower of Yredelemnul.
             Killed by divine providence
             ... invoked by an orc priest
              (12 damage)
             ... on level 3 of the Dungeon.
             The game lasted 00:10:20 (3718 turns).

Nakatomy the Shooter (Centaur Hunter)               Turns: 3718, Time: 00:10:21

Health: -4/45      AC:  4    Str: 15    XL:     5   Next: 21%
Magic:  5/5        EV:  9    Int: 10    God:    Yredelemnul [*.....]
Gold:   139        SH:  0    Dex: 10    Spells: 0 memorised, 4 levels left

rFire  . . .     SeeInvis .     a - +1 shortbow
rCold  . . .     Gourm    .     c - +0 leather armour
rNeg   . . .     Faith    .     (shield currently unavailable)
rPois  .         Spirit   .     (no helmet)
rElec  .         Reflect  .     (no cloak)
rCorr  .         Harm     .     (no gloves)
MR     .....                    (no barding)
Stlth  +.........               (no amulet)
                                (no ring)
                                (no ring)

@: very quick
A: hooves 3, deformed body, speed 2, tough skin 3
a: Animate Remains, Renounce Religion


You were on level 3 of the Dungeon.
You worshipped Yredelemnul.
Yredelemnul was aware of your devotion.
You were not hungry.

You visited 1 branch of the dungeon, and saw 3 of its levels.

You collected 139 gold pieces.

Inventory:

Hand Weapons
 a - a +1 shortbow (weapon)
 b - a +0 short sword
Missiles
 d - 13 arrows (quivered)
Armour
 c - a +0 leather armour (worn)
Jewellery
 m - a cursed -2 ring of intelligence {unknown}
Scrolls
 g - a scroll of identify
 i - a scroll of enchant armour {unknown}
 j - 4 scrolls of teleportation {unknown}
 l - a scroll of immolation {unknown}
 p - a scroll of noise {unknown}
 q - a scroll of enchant weapon {unknown}
 r - a scroll of random uselessness {unknown}
Potions
 e - a potion of resistance
 h - a potion of flight {unknown}
 o - a potion of magic {unknown}
Comestibles
 f - a bread ration
 k - a beef jerky
 n - 4 fruits


   Skills:
 - Level 3.0 Fighting
 * Level 7.9 Bows
 - Level 1.5 Dodging
 - Level 0.4 Stealth


You had 4 spell levels left.
You didn't know any spells.

Dungeon Overview and Level Annotations

Branches:
Dungeon (3/15)

Altars:
Yredelemnul

Annotations:
D:1 exclusion: downstairs
D:2 Robin


Innate Abilities, Weirdness & Mutations

You have hooves in place of feet.
Armour fits poorly on your strangely shaped body.
You cover ground very quickly.
You have extremely tough skin. (AC +3)


Message History

The orc hits you with a dagger.
* * * LOW HITPOINT WARNING * * *
The orc priest calls down the wrath of Beogh upon you.
You barely resist.
Firing (i - inventory):
d - 15 arrows (quivered)
Press: ? - help, Shift-Dir - straight line, f/p - orc priest
Aim: an orc priest, wielding a hand axe and wearing a leather armour You shoot an arrow.
The arrow hits the orc priest.
The orc priest is moderately wounded.
The orc hits you with a dagger.
* * * LOW HITPOINT WARNING * * *
Firing (i - inventory):
d - 14 arrows (quivered)
Press: ? - help, Shift-Dir - straight line, f/p - orc priest
Aim: an orc priest, wielding a hand axe and wearing a leather armour (moderately wounded)
You shoot an arrow. The arrow hits the orc priest.
The orc priest is heavily wounded.
The orc priest calls down the wrath of Beogh upon you.
Beogh smites you!
You die...
Your body rises from the dead as a mindless zombie.

###.#..#.#
#....#.#
#...##.#
#####...# .#.
#.......##...
#.##.........
#o##..#.#####
#o##.........
#@###o.......
#o#...###....
#(#.#####.###
#.#........
#...o.....#
#.#######.#
#(# ###


You could see an orc priest and 2 orcs.

Vanquished Creatures
  An orc priest (D:3)
  Natasha (D:2)
  4 adders
  An ooze (D:1)
  3 worms
  A dart slug (D:1)
  3 leopard geckos
  An orc (D:3)
  2 ball pythons
  4 giant cockroaches
  11 goblins
  5 hobgoblins
  4 kobolds
  9 bats
  2 frilled lizards
  5 rats
57 creatures vanquished.

Notes
Turn   | Place    | Note
-------+----------+-------------------------------------------
     0 | D:1      | Nakatomy the Centaur Hunter began the quest for the Orb.
     0 | D:1      | Reached XP level 1. HP: 17/17 MP: 1/1
   388 | D:1      | Reached XP level 2. HP: 19/25 MP: 2/2
   957 | D:1      | Reached XP level 3. HP: 19/30 MP: 3/3
  1099 | D:1      | Reached skill level 6 in Bows
  1709 | D:2      | Noticed Robin
  2033 | D:2      | Found a faded altar of an unknown god.
  2036 | D:2      | Became a worshipper of Yredelemnul the Dark
  2036 | D:2      | Reached * piety under Yredelemnul
  2225 | D:2      | Noticed Natasha
  2234 | D:2      | Killed Natasha
  2234 | D:2      | Reached XP level 4. HP: 22/38 MP: 4/4
  2483 | D:2      | Reached skill level 7 in Bows
  3713 | D:3      | Reached XP level 5. HP: 15/45 MP: 5/5
  3718 | D:3      | Killed from afar by an orc priest

Skill      XL: |  1  2  3  4 |
---------------+-------------+-----
Bows           | 6 7 |  7.9
Fighting       | 3 |  3.0
Dodging        | |  1.5
Stealth        | |  0.4

Action                   |  1- 3 |  4- 6 || total
-------------------------+-------+-------++-------
Melee: Short sword       |   104 |    34 ||   138
       Kick              |    18 |     8 ||    26
 Fire: Shortbow          |    47 |    46 ||    93
  Use: Scroll            |     2 |       ||     2
  Eat: Chunk             |     3 |     4 ||     7
Armor: Leather armour    |    36 |    28 ||    64
Dodge: Dodged            |    53 |    46 ||    99
